 Dungeon Crawl Stone Soup version 0.29-a0-330-g52719c12eb (webtiles) character file.

Game seed: 12402896805276388879

46 Iscandelvey the Vexing (level 3, 0/26 HPs)
             Began as a Demonspawn Arcane Marksman on Apr 22, 2022.
             Slain by an orc wizard
             ... wielding a +0 dagger
              (2 damage)
             ... on level 3 of the Dungeon.
             The game lasted 00:07:30 (1982 turns).

Iscandelvey the Vexing (Demonspawn Arcane Marksman) Turns: 1982, Time: 00:07:31

Health: 0/26       AC:  3    Str:  8 (10) XL:     3   Next: 46%
Magic:  3/5        EV: 12    Int: 19 (22) God:
Gold:   93         SH:  0    Dex: 11 (13) Spells: 3/5 levels left

rFire   . . .      SeeInvis .   a - +0 hunting sling
rCold   + . .      Faith    .   (no shield)
rNeg    . . .      Spirit   .   b - +0 robe
rPois   .          Reflect  .   p - +0 helmet
rElec   .          Harm     .   (no cloak)
rCorr   .          Rampage  .   (no gloves)
Will    .....                   (no boots)
Stlth   +.........              (no amulet)
HPRegen 0.08/turn               q - +6 ring of intelligence
MPRegen 0.09/turn               l - ring of protection from cold

@: on berserk cooldown, hasted and slowed
A: demonic guardian 1
a: no special abilities


You were on level 3 of the Dungeon.
You visited 1 branch of the dungeon, and saw 3 of its levels.

You collected 93 gold pieces.

Inventory:

Hand Weapons
 a - a +0 hunting sling (weapon)
 k - a +2 dagger of speed
Missiles
 g - 9 poisoned darts
Armour
 b - a +0 robe (worn)
 j - a +2 buckler
 p - a +0 helmet (worn)
Jewellery
 l - a ring of protection from cold (right hand)
 q - a +6 ring of intelligence (left hand)
Scrolls
 c - a scroll of vulnerability
 d - 2 scrolls of immolation {unknown}
 h - 3 scrolls of teleportation {unknown}
 n - a scroll of amnesia {unknown}
 r - a scroll of identify {unknown}
Potions
 m - a potion of degeneration


   Skills:
 - Level 1.2 Fighting
 - Level 2.0 Slings
 + Level 0.5(1.3) Throwing
 + Level 0.4 Armour
 + Level 2.1 Dodging
 + Level 0.4 Stealth
 + Level 0.3 Shields
 * Level 1.6 Spellcasting
 * Level 3.3 Hexes


You had 3 spell levels left.
You knew the following spells:

 Your Spells              Type           Power      Damage    Failure   Level
a - Slow                  Hex            56%        N/A       4%          1
b - Summon Small Mammal   Summ           4%         N/A       19%         1

Your spell library contained the following spells:

 Spells                   Type           Power      Damage    Failure   Level
 Confusing Touch          Hex            14%        N/A       13%         3
 Inner Flame              Hex/Fire       7%         N/A       26%         3
 Portal Projectile        Hex/Tloc       14%        N/A       26%         3
 Summon Guardian Golem    Hex/Summ       7%         N/A       26%         3
 Call Canine Familiar     Summ           1%         N/A       47%         3
 Cause Fear               Hex            7%         N/A       41%         4
 Yara's Violent Unravell  Hex/Tmut       3%         3d4       94%         5
 Enfeeble                 Hex            7%         N/A       100%        7


Dungeon Overview and Level Annotations

Branches:
Dungeon (3/15)

Altars:


Innate Abilities, Weirdness & Mutations

A weak demonic guardian rushes to your aid.


Message History

Press: ? - help, Q - select action, (/) - cycle Shift-Dir - straight line You shoot a sling bullet.
Your demonic guardian avoids your attack.
Your shadow imp completely misses something.
You hear some strange, mumbled words.
A magic dart appears from out of thin air!
The magic dart hits you but does no damage.
You cannot move.
Fire: a) +0 hunting sling
Press: ? - help, Q - select action, (/) - cycle Shift-Dir - straight line You shoot a sling bullet.
Your demonic guardian avoids your attack.
Your shadow imp misses something.
Something hits you but does no damage.
Fire: a) +0 hunting sling
Press: ? - help, Q - select action, (/) - cycle Shift-Dir - straight line You shoot a sling bullet.
Your demonic guardian avoids your attack.
You feel less wooden.
Your +0 helmet unmelds from your body.
Your +0 robe unmelds from your body.
An orc wizard appears from thin air!
Reactivating autopickup.
Your shadow imp barely misses the orc wizard.
Your shadow imp hits the orc wizard.
The orc wizard barely misses your shadow imp.
Fire: a) +0 hunting sling
Press: ? - help, Q - select action, (/) - cycle Shift-Dir - straight line, f - orc wizard
Aim: an orc wizard, wielding a +0 dagger and wearing a +0 robe (severely wounded, not watching you, slow, ally target, 43% to hit)
You shoot a sling bullet. The sling bullet misses the orc wizard.
Your demonic guardian avoids your attack.
Your shadow imp barely misses the orc wizard.
The orc wizard closely misses your shadow imp.
Fire: a) +0 hunting sling
Press: ? - help, Q - select action, (/) - cycle Shift-Dir - straight line, f/p - orc wizard
Aim: an orc wizard, wielding a +0 dagger and wearing a +0 robe (severely wounded, not watching you, slow, ally target, 43% to hit)
You shoot a sling bullet. The sling bullet hits the orc wizard.
The orc wizard is almost dead.
You hear the brisk rusting of a drain nearby.
Your shadow imp barely misses the orc wizard. x2
The orc wizard hits you with a +0 dagger.
You die...

#.# #.# #.# #.#
#.# ##.# #..#
#.## #@# #.
#o######....
######
####5..........
.....#
#.......#####.
####.#
#.#####.#
..##.########.#
#.#
#.##.##.......#
#)#
#.......#####.#
#.# .....####
#.#####.#


You could see an orc wizard (slow, ally target) and a friendly shadow imp
(summoned).

Vanquished Creatures
  An adder (D:3)
  A dart slug (D:1)
  2 orcs (D:3)
  An endoplasm (D:2)
  A giant cockroach (D:1)
  3 goblins
  A hobgoblin (D:1)
  2 kobolds (D:1)
  A quokka (D:3)
  A ball python (D:1)
  A bat (D:2)
  2 frilled lizards (D:1)
  6 rats
23 creatures vanquished.

Vanquished Creatures (collateral kills)
  An adder (D:3)
  A hobgoblin (D:2)
  A goblin (D:1)
3 creatures vanquished.

Grand Total: 26 creatures vanquished

Notes
Turn   | Place    | Note
-------+----------+-------------------------------------------
     0 | D:1      | Iscandelvey the Demonspawn Arcane Marksman began the quest
                  | for the Orb.
     0 | D:1      | Reached XP level 1. HP: 15/15 MP: 2/2
   155 | D:1      | Gained mutation: A weak demonic guardian rushes to your
                  | aid. [demonic ancestry]
   155 | D:1      | Reached XP level 2. HP: 21/21 MP: 3/3
   808 | D:2      | Found a faded altar of an unknown god.
  1122 | D:2      | Identified the +6 dagger of Causality {drain, rElec rN+
                  | Will+ Dex-2}
  1698 | D:2      | Learned a level 1 spell: Summon Small Mammal
  1845 | D:3      | Reached XP level 3. HP: 12/26 MP: 2/5
  1963 | D:3      | HP: 1/26 [adder (2)]
  1982 | D:3      | Slain by an orc wizard

Illustrated notes

Levels and vault maps discovered:
D:1:      lemuel_arrival_room, layout_basic, minmay_misc_feat_room,
          st_stairs_12, nicolae_concentric_dashed_squares_mild
D:2:      layout_loops_corners, chequers_ecumenical_altar_simple_redux
D:3:      layout_loops_cross, portal_sewer_entry_c, uniq_crazy_yiuf_cottage

Skill      XL: |  1  2 |
---------------+-------+-----
Slings         | 2 |  2.0
Dodging        | 2 |  2.1
Fighting       | |  1.2
Throwing       | |  0.5
Armour         | |  0.4
Stealth        | |  0.4
Shields        | |  0.3
Spellcasting   | |  1.6
Hexes          | |  3.3

Action                   || total
-------------------------++-------
Melee: Hunting sling     ||     4
 Fire: Hunting sling     ||    98
 Cast: Slow              ||     9
       Summon Small Mamm ||     2
  Use: Potion            ||     5
Armor: Robe              ||    12
       Skin              ||     6
Dodge: Dodged            ||    42

Table legend: (Time is in decaauts)
 A = Elapsed time spent in this place.
 B = Non-inter-level travel time spent in this place.
 C = Inter-level travel time spent in this place.
 D = Time resting spent in this place.
 E = Time spent auto-exploring this place.
 F = Levels seen in this place.
 G = Mean time per level.
                   A        B        C        D        E       F      G
               +--------+--------+--------+--------+--------+-----+--------+
         Total |   2017 |   1769 |    248 |    285 |   1201 |   3 |  672.3 |
       Dungeon |   2017 |   1769 |    248 |    285 |   1201 |   3 |  672.3 |
               +--------+--------+--------+--------+--------+-----+--------+

Top non-repeatable levels by time:
     D:2: 946 daAuts
     D:1: 818 daAuts
     D:3: 252 daAuts
